Map: Whispers of Gold

Players

ShtamHS

  • Race: Zerg Zerg
  • League: Master
  • Spawn Location: 9:00

StarlinOrgan - Winner!

  • Race: Protoss Protoss
  • League: Gold
  • Spawn Location: 5:00

VOD

Have the link to the VOD?

Description

Time

  • Played on: Jan. 30, 2025, 9:39 p.m.
  • Length: 15:49
Show
View Real Time Build Order
Export as new Build Order

ShtamHS Zerg 

Build Orders: Hatch First 

Get SALT Encoding   

  12  0:00  Drone  
  13  0:12  Overlord  
  13  0:18  Drone  
  14  0:30  Drone x2  
  16  0:49  Hatchery  
  15  0:51  Drone  
  15  0:55  Drone  
  17  0:58  Drone  
  18  1:08  Extractor  
  17  1:14  Spawning Pool  
  17  1:17  Drone  
  17  1:21  Drone  
  18  1:28  Drone  
  19  1:39  Drone  
  20  2:05  Queen x2, Zergling x4  
  26  2:32  Hatchery  
  26  2:35  Zergling x2  
  26  2:36  Zergling x4  
  28  2:37  Overlord  
  28  2:55  Queen  
  30  2:59  Metabolic Boost  
  30  3:11  Drone  
  30  3:12  Drone x3  
  33  3:32  Extractor  
  32  3:39  Roach Warren  
  32  3:41  Overlord x2  
  31  3:52  Drone  
  31  3:53  Drone  
  31  3:54  Overlord  
  33  4:03  Queen  
  33  4:08  Drone x2  
  37  4:18  Queen  
  37  4:23  Roach  
  41  4:30  Lair  
  41  4:40  Spore Crawler  
  40  4:46  Spore Crawler  
  39  4:59  Roach x5  
  43  5:15  Drone x6  
  49  5:24  Drone x2  
  51  5:31  Glial Reconstitution  
  51  5:34  Overseer  
  51  5:40  Drone x2  
  53  5:56  Drone  
  54  5:57  Drone x4  
  54  5:59  Overlord  
  58  6:18  Drone  
  58  6:19  Drone x7  
  66  6:26  Overlord x2  
  66  6:45  Evolution Chamber x2  
  66  6:47  Roach x5  
  74  7:02  Hydralisk Den  
  73  7:09  Overlord x2  
  73  7:14  Pneumatized Carapace  
  73  7:16  Zerg Missile Weapons Level 1  
  73  7:24  Extractor  
  73  7:25  Extractor, Drone  
  73  7:26  Drone x2  
  73  7:28  Drone x3  
  77  7:31  Zerg Ground Armor Level 1  
  77  7:36  Hydralisk  
  79  7:38  Drone x7  
  86  7:59  Roach  
  86  8:00  Hatchery, Roach  
  86  8:04  Overlord x3  
  89  8:13  Muscular Augments  
  80  8:34  Roach x4  
  80  8:35  Roach x5  
  94  8:42  Queen x2  
  94  8:44  Roach  
  94  8:45  Roach  
  102  9:00  Roach  
  102  9:01  Roach x4  
  102  9:02  Overlord x2  
  112  9:13  Extractor  
  112  9:16  Extractor, Drone  
  112  9:17  Drone x2, Grooved Spines  
  112  9:18  Drone  
  112  9:19  Drone x2  
  112  9:20  Roach x2  
  112  9:21  Roach  
  122  9:31  Roach x4  
  130  9:42  Ravager  
  130  9:43  Ravager x4  
  135  9:46  Overlord x4  
  135  10:08  Zergling x18  
  135  10:10  Roach x3  
  135  10:12  Overlord  
  150  10:28  Drone  
  148  10:29  Roach  
  148  10:30  Roach x5  
  148  10:38  Zergling x2  
  148  10:39  Zergling x10  
  148  10:40  Zergling x2  
  135  10:44  Zerg Missile Weapons Level 2  
  95  10:58  Zergling x2  
  95  10:59  Zergling x16  
  102  11:11  Infestation Pit  
  101  11:13  Drone x4  
  101  11:14  Drone x3  
  107  11:31  Roach x7  
  119  11:37  Drone  
  119  11:38  Drone x3  
  123  11:45  Queen  
  123  11:47  Queen  
  125  11:49  Drone  
  125  11:52  Drone x3  
  131  11:56  Roach  
  133  12:04  Lurker Den  
  133  12:05  Zerg Ground Armor Level 2  
  133  12:08  Drone  
  133  12:09  Drone x4  
  137  12:20  Hydralisk x5  
  147  12:35  Hydralisk x3  
  147  12:36  Hydralisk  
  155  12:45  Extractor  
  155  12:48  Extractor  
  155  12:49  Hatchery  
  152  12:52  Spine Crawler  
  152  12:54  Spine Crawler  
  150  13:04  Spore Crawler  
  149  13:06  Hydralisk x5  
  142  13:29  Overseer  
  136  13:36  Hydralisk  
  136  13:37  Hydralisk x10  
  158  14:09  Zergling x2  
  161  14:10  Zergling x12  
  165  14:17  Overlord x4  
  165  14:21  Queen  
  165  14:22  Queen x2  
  164  14:24  Queen  
  141  14:34  Zergling x22  
  111  14:56  Hydralisk x8  
  99  15:09  Zergling x2  
  99  15:10  Zergling x12  
  87  15:17  Zergling x8  
  87  15:18  Zergling x2  
  87  15:31  Zergling x2  
  87  15:32  Zergling x6  
Show
View Real Time Build Order
Export as new Build Order

StarlinOrgan Protoss - Winner!

Build Orders: 1 Gate Expand 

Get SALT Encoding   

  1  0:00  Probe  
  12  0:05  Probe  
  14  0:15  Probe  
  15  0:28  Pylon  
  15  0:46  Probe  
  15  0:48  Gateway  
  16  0:57  Assimilator  
  16  0:59  Probe  
  17  1:07  Probe  
  18  1:15  Probe  
  18  1:25  Probe  
  20  1:37  Probe  
  20  1:39  Cybernetics Core  
  21  1:44  Nexus  
  21  1:51  Probe  
  21  1:54  Pylon  
  22  2:07  Adept  
  22  2:09  Probe  
  22  2:12  Gateway  
  23  2:22  Assimilator  
  25  2:23  Probe  
  26  2:33  Stalker  
  27  2:51  Probe  
  28  3:03  Adept  
  28  3:13  Adept  
  28  3:18  Shield Battery x2  
  28  3:19  Probe  
  31  3:24  Stargate  
  31  3:30  Warp Gate  
  31  3:34  Probe  
  31  3:36  Probe  
  33  3:42  Probe  
  33  3:44  Probe  
  33  3:45  Adept x2  
  38  3:52  Probe  
  38  3:54  Probe, Pylon  
  40  4:01  Twilight Council  
  41  4:04  Probe  
  41  4:06  Probe  
  43  4:13  Oracle  
  43  4:16  Probe  
  44  4:21  Probe  
  48  4:24  Probe  
  49  4:32  Probe  
  49  4:33  Assimilator, Probe  
  51  4:42  Probe  
  51  4:45  Blink  
  52  4:46  Probe  
  53  4:54  Probe  
  53  4:59  Pylon  
  54  5:01  Pylon  
  54  5:17  Probe  
  51  5:25  Stalker x2  
  51  5:28  Probe  
  56  5:29  Probe  
  56  5:32  Robotics Facility  
  56  5:35  Assimilator  
  57  5:40  Probe  
  57  5:41  Probe  
  59  5:46  Oracle  
  62  5:54  Nexus  
  62  5:55  Pylon  
  62  5:58  Gateway, Pylon  
  62  5:59  Gateway  
  62  6:01  Gateway  
  62  6:03  Gateway  
  62  6:10  Stalker, Forge  
  62  6:11  Stalker  
  66  6:12  Forge  
  66  6:15  Probe  
  67  6:20  Observer  
  68  6:27  Probe  
  69  6:43  Adept x2  
  69  6:46  Probe  
  74  6:47  Probe  
  74  6:48  Protoss Ground Weapons Level 1, Protoss Ground Armor Level 1  
  75  6:54  Pylon  
  75  6:55  Pylon  
  75  6:56  Stalker x2  
  75  6:57  Pylon  
  75  6:58  Probe  
  75  7:00  Oracle, Probe  
  84  7:11  Probe  
  84  7:12  Probe  
  86  7:24  Photon Cannon  
  86  7:25  Probe  
  86  7:26  Photon Cannon, Probe  
  86  7:29  Photon Cannon  
  88  7:33  Gateway, Immortal  
  92  7:37  Probe  
  92  7:38  Probe  
  94  7:50  Oracle  
  97  7:58  Stalker x3  
  99  7:59  Stalker x3  
  109  8:13  Pylon  
  109  8:14  Robotics Facility  
  108  8:49  Protoss Ground Weapons Level 2, Protoss Ground Armor Level 2  
  108  9:00  Charge  
  108  9:02  Nexus  
  108  9:05  Robotics Bay, Pylon  
  108  9:07  Dark Shrine, Pylon  
  108  9:09  Gateway, Pylon  
  108  9:11  Gateway x2  
  108  9:13  Gateway  
  108  9:14  Probe  
  108  9:15  Gateway, Probe  
  110  9:23  Probe  
  111  9:26  Probe  
  111  9:27  Assimilator, Probe  
  113  9:32  Assimilator  
  113  9:35  Photon Cannon  
  113  9:36  Photon Cannon  
  113  9:38  Probe  
  113  9:39  Photon Cannon, Probe  
  113  9:42  Photon Cannon  
  113  9:44  Probe  
  116  9:50  Probe  
  116  9:51  Probe  
  118  9:55  Immortal x2  
  118  9:56  Probe  
  127  10:02  Probe  
  127  10:03  Probe  
  127  10:05  Robotics Facility  
  129  10:08  Robotics Facility, Probe  
  129  10:12  Photon Cannon  
  130  10:14  Photon Cannon, Probe  
  130  10:16  Photon Cannon  
  130  10:20  Probe  
  102  10:47  Stalker x3  
  102  10:48  Stalker x6  
  102  10:49  Stalker x3  
  114  10:57  Immortal  
  114  10:58  Immortal  
  122  11:09  Assimilator  
  120  11:35  Assimilator  
  120  11:46  Immortal  
  132  11:47  Immortal x3  
  132  11:52  Probe  
  137  11:55  Probe  
  137  12:00  Protoss Ground Weapons Level 3, Protoss Ground Armor Level 3  
  138  12:03  Stalker x2  
  138  12:04  Probe  
  138  12:06  Pylon  
  138  12:07  Stalker x2, Probe  
  148  12:09  Pylon  
  148  12:12  Pylon  
  148  12:16  Probe, Pylon  
  148  12:20  Dark Templar x2, Pylon  
  148  12:21  Dark Templar, Shadow Stride  
  155  12:22  Zealot  
  155  12:23  Zealot x3  
  155  12:28  Probe  
  164  12:33  Gateway  
  164  12:37  Gateway  
  164  12:47  Zealot x3  
  164  12:48  Zealot x6  
  186  12:51  Immortal x2  
  186  12:54  Immortal  
  188  14:05  Zealot  
  188  14:06  Zealot x5  
  113  14:46  Zealot x3  
  113  14:47  Zealot x5  
  113  14:48  Zealot x5  
  113  14:49  Zealot  
  131  15:20  Zealot x2  
  131  15:21  Zealot x4  
  137  15:22  Zealot x5  
  137  15:23  Zealot x3  
Tags
 
Add a new tag
Caveats
  • Supply blocks, unpowered buildings, or Contaminate may cause inaccurate times.
  • Supply counts are checked every 10 seconds.